 Dungeon Crawl Stone Soup version 0.15-a0-35-ga771cbd (webtiles) character file.

2439 BestPrincess the Thaumaturge (level 9, -9/45 HPs)
             Began as a Deep Elf Conjurer on Apr 2, 2014.
             Was a Priest of Sif Muna.
             Killed from afar by a steam dragon (17 damage)
             ... with a ball of steam
             ... on Level 7 of the Dungeon.
             The game lasted 00:31:47 (5952 turns).

BestPrincess the Thaumaturge (Deep Elf Conjurer)    Turns: 5952, Time: 00:31:47

HP  -9/45        AC  5     Str  8      XL: 9   Next:  8%
MP   6/30        EV 14     Int 24      God: Sif Muna [***...]
Gold 315         SH  0     Dex 15      Spells:  6 memorised, 13 levels left

rFire  . . .     SeeInvis .     m - +0 dagger (speed)
rCold  . . .     Clarity  .     a - +0 robe
rNeg   . . .     Conserve .     (no shield)
rPois  .         rCorr    .     (no helmet)
rElec  .         rRot     .     (no cloak)
SustAb . .       Spirit   .     x - +1 pair of gloves {Str+3}
rMut   .         Warding  .     t - +0 pair of boots
Saprov . . .     Stasis   .     A - amulet of faith
MR     .....                    (no ring)
                                (no ring)

@: not resistant to hostile enchantments, stealthy
A: no striking features
a: Channel Energy, Forget Spell, Renounce Religion


You were on level 7 of the Dungeon.
You worshipped Sif Muna.
Sif Muna was most pleased with you.
You were not hungry.

You visited 2 branches of the dungeon, and saw 8 of its levels.

You collected 315 gold pieces.

Inventory:

Hand weapons
 m - a +0,+0 dagger of speed (weapon)
Armour
 a - a +0 robe (worn)
 t - a +0 pair of boots (worn)
 x - a +1 pair of gloves of strength (worn)
Magical devices
 y - a wand of disintegration (11)
 B - a wand of magic darts (6)
Comestibles
 b - 5 bread rations
 p - a meat ration
Scrolls
 f - 4 scrolls of remove curse
 j - 5 scrolls of identify
 k - 2 scrolls of teleportation {unknown}
 l - 2 scrolls of blinking {unknown}
 o - a scroll of fog {unknown}
 q - a scroll of immolation {unknown}
 u - 2 scrolls of enchant weapon I {unknown}
 v - a scroll of enchant armour {unknown}
 z - a scroll of enchant weapon II {unknown}
Jewellery
 A - an amulet of faith (around neck)
 C - an uncursed ring of fire
 D - a +3 ring of intelligence {unknown}
Potions
 d - 4 potions of brilliance
 e - 2 potions of invisibility {unknown}
 g - 3 potions of agility {unknown}
 n - a potion of cure mutation {unknown}
 r - 3 potions of curing
 s - a potion of poison {unknown}
 w - a potion of mutation {unknown}
Books
 c - a book of Conjurations

   Spells                             Type                      Level
   *Magic Dart                        Conjuration                  1
   *Searing Ray                       Conjuration                  2
   Dazzling Spray                     Conjuration/Hexes            3
   *Fulminant Prism                   Conjuration/Hexes            4
   Iskenderun's Mystic Blast          Conjuration                  4
   *Iskenderun's Battlesphere         Conjuration/Charms           5
 h - a book of Party Tricks

   Spells                             Type                      Level
   Summon Butterflies                 Summoning                    1
   Apportation                        Translocation                1
   *Blink                             Translocation                2
   Alistair's Intoxication            Transmutation/Poison         4
   Tukima's Dance                     Hexes                        5


   Skills:
 - Level 4.2 Dodging
 - Level 3.4 Stealth
 - Level 10.1 Spellcasting
 - Level 6.0 Conjurations
 - Level 5.1 Hexes
 - Level 7.1 Charms
 + Level 2.6 Necromancy
 - Level 3.4 Translocations


You had 13 spell levels left.
You knew the following spells:

 Your Spells              Type           Power        Failure   Level  Hunger
a - Magic Dart            Conj           ####         1%          1    None
b - Searing Ray           Conj           #####.       1%          2    None
c - Fulminant Prism       Conj/Hex       #####.....   6%          4    #......
d - Iskenderun's Battles  Conj/Chrm      #####...     12%         5    ###....
e - Blink                 Tloc           N/A          1%          2    None
f - Pain                  Necr           ###.         1%          1    None


Dungeon Overview and Level Annotations

Branches:
Dungeon (7/15)             Temple (1/1) D:4

Altars:
Ashenzari
Cheibriados
Dithmenos
Elyvilon
Fedhas
Makhleb
Okawaru
Sif Muna
Vehumet
Xom
Yredelemnul
Zin
The Shining One

Shops:
D:4 *   D:5 *

Annotations:
D:3 Sigmund


Message History

Casting: Searing Ray
Confirm with ! or Enter, or press ? or * to list all spells!
Aiming: Searing Ray
Press: ? - help, Shift-Dir - straight line, f/p - steam dragon
Aim: a steam dragon (heavily wounded)
The searing ray misses the steam dragon!
The sky beast flickers out of sight!!!
Deactivating autopickup; reactivate with Ctrl-A!
Something hits you!
* * * LOW HITPOINT WARNING * * *
Something shocks you!!!
* * * LOW HITPOINT WARNING * * *
The steam dragon completely misses you!
The steam dragon claws you but does no damage!
The searing ray hits the steam dragon!
The steam dragon is almost dead!
Something closely misses you! The steam dragon breathes steam at you!
The ball of steam hits you!!!
You die!!!

#...≈≈.$# $.≈≈≈.
#.v.≈≈..###..≈≈....
#...≈≈≈.((#(.≈≈.....
###...#≈≈≈.#..≈≈≈#.....
......)#§≈≈≈≈≈≈§§.......
###.....#≈≈≈≈≈≈§........
..............#.v.......
'##......................
..#.........v...@........
..#............D.....$...
..+%...§................
..#.....................
..+.....................
..#...?................
..#...................
..###............##.. #
#.#.####.#


You could see a steam dragon and 2 insubstantial wisps.

Vanquished Creatures
  2 trolls
  Edmund (D:6)
  Menkaure (D:4)
  2 sky beasts
  3 ogres
  A phantom (D:6)
  A centaur (D:5)
  Blork the orc (D:6)
  A scorpion (D:7)
  A jelly (D:5)
  Crazy Yiuf (D:2)
  A giant frog skeleton (D:4)
  3 hounds
  An orc priest (D:4)
  3 iguanas (D:4)
  3 worker ants
  3 orc wizards
  Ijyb (D:5)
  A big kobold skeleton (D:5)
  A hound skeleton (D:7)
  4 gnolls (D:2)
  A scorpion zombie (D:6)
  5 adders
  A gnoll zombie (D:6)
  An inept item mimic (D:2)
  4 worms
  2 giant mites
  A shadow imp (D:5)
  A giant eyeball (D:6)
  4 giant geckos
  17 orcs
  10 bats
  5 giant cockroaches
  9 goblins
  11 hobgoblins
  3 quokkas
  A ball python (D:3)
  5 giant newts
  18 kobolds
  2 orc skeletons (D:4)
  9 rats
146 creatures vanquished.

Vanquished Creatures (others)
  9 fulminant prisms
9 creatures vanquished.

Grand Total: 155 creatures vanquished

Notes
Turn   | Place    | Note
--------------------------------------------------------------
     0 | D:1      | BestPrincess, the Deep Elf Conjurer, began the quest for the Orb.
     0 | D:1      | Reached XP level 1. HP: 10/10 MP: 5/5
   160 | D:1      | Reached XP level 2. HP: 15/15 MP: 6/8
   241 | D:1      | Learned a level 2 spell: Searing Ray
   310 | D:1      | Reached skill level 5 in Conjurations
   691 | D:2      | Reached XP level 3. HP: 19/19 MP: 8/11
  1025 | D:2      | Reached XP level 4. HP: 8/24 MP: 6/15
  1309 | D:2      | Noticed Crazy Yiuf
  1315 | D:2      | Killed Crazy Yiuf
  1637 | D:2      | Reached XP level 5. HP: 28/28 MP: 11/18
  1793 | D:3      | Noticed Sigmund
  1922 | D:3      | Reached skill level 5 in Spellcasting
  2049 | D:4      | Learned a level 4 spell: Fulminant Prism
  2055 | D:4      | Learned a level 5 spell: Iskenderun's Battlesphere
  2092 | D:4      | Noticed Menkaure
  2096 | D:4      | Killed Menkaure
  2096 | D:4      | Reached XP level 6. HP: 32/32 MP: 15/21
  2104 | D:4      | Found a staircase to the Ecumenical Temple.
  2164 | Temple   | Entered the Ecumenical Temple
  2202 | Temple   | Became a worshipper of Sif Muna the Loreminder
  2520 | D:4      | Reached skill level 1 in Hexes
  2548 | D:4      | Reached skill level 1 in Charms
  2687 | D:4      | Found Skigys' General Store.
  2707 | D:4      | Noticed an ogre
  2726 | D:4      | Killed an ogre
  2816 | D:4      | Reached XP level 7. HP: 36/36 MP: 14/23
  3151 | D:5      | Entered Level 5 of the Dungeon
  3278 | D:5      | Reached skill level 5 in Hexes
  3436 | D:5      | Acquired Sif Muna's first power
  3530 | D:5      | Found Tacwu's Assorted Antiques.
  3622 | D:5      | Reached skill level 5 in Charms
  3622 | D:5      | Reached skill level 6 in Charms
  3623 | D:5      | Reached skill level 7 in Charms
  3783 | D:5      | Found a basalt altar of Yredelemnul.
  3914 | D:5      | Reached XP level 8. HP: 36/41 MP: 19/25
  4048 | D:5      | Noticed Ijyb
  4053 | D:5      | Killed Ijyb
  4125 | D:5      | Acquired Sif Muna's second power
  4162 | D:5      | Noticed a troll
  4171 | D:5      | Killed a troll
  4171 | D:5      | Reached skill level 8 in Spellcasting
  4576 | D:6      | Found a deep blue altar of Sif Muna.
  4625 | D:6      | Noticed Blork the orc
  4638 | D:6      | Killed Blork the orc
  4638 | D:6      | Reached skill level 9 in Spellcasting
  4641 | D:6      | Noticed Edmund
  4655 | D:6      | Killed Edmund
  4669 | D:6      | Reached skill level 10 in Spellcasting
  4765 | D:6      | Learned a level 2 spell: Blink
  5676 | D:6      | Reached skill level 1 in Translocations
  5719 | D:6      | Identified Sif Muna's Papyrus of Unholy Rituals
  5726 | D:6      | Learned a level 1 spell: Pain
  5822 | D:7      | Noticed a troll
  5835 | D:7      | Killed a troll
  5835 | D:7      | Reached XP level 9. HP: 45/45 MP: 18/30
  5922 | D:7      | Reached skill level 1 in Necromancy
  5952 | D:7      | Killed from afar by a steam dragon

Action                   |  1- 3 |  4- 6 |  7- 9 || total
-------------------------+-------+-------+-------++-------
 Cast: Magic Dart        |    52 |    60 |    75 ||   187
       Searing Ray       |     4 |    16 |    34 ||    54
       Fulminant Prism   |       |     1 |     8 ||     9
       Iskenderun's Batt |       |       |     4 ||     4
       Blink             |       |       |     6 ||     6
  Use: Scroll            |       |     2 |     3 ||     5
       Potion            |       |       |     5 ||     5
